 Dungeon Crawl Stone Soup version 0.28.0-45-g0d030f2227 (webtiles) character file.

Game seed: 9755068343657643977

31 Hrothgar the Ruffian (level 3, -1/36 HPs)
             Began as a Troll Berserker on Apr 16, 2022.
             Was a Believer of Trog.
             Slain by Sigmund
             ... wielding a +0 scythe
              (5 damage)
             ... on level 2 of the Dungeon.
             The game lasted 00:06:04 (991 turns).

Hrothgar the Ruffian (Troll Berserker)               Turns: 991, Time: 00:06:04

Health: -1/36      AC:  4    Str: 25    XL:     3   Next: 7%
Magic:  11/11      EV:  8    Int:  5    God:    Trog [**....]
Gold:   79         SH:  5    Dex:  9    Spells: 2/2 levels left

rFire   . . .      SeeInvis .     - Unarmed
rCold   . . .      Faith    .   c - +0 kite shield
rNeg    . . .      Spirit   .   a - +0 animal skin
rPois   .          Reflect  .   (helmet restricted)
rElec   .          Harm     .   (no cloak)
rCorr   .          Rampage  .   (gloves unavailable)
Will    .....                   (boots unavailable)
Stlth   +.........              (no amulet)
HPRegen 0.92/turn               d - ring of magical power
MPRegen 0.12/turn               (no ring)

@: on berserk cooldown, slowed, very slow
A: large, unfitting armour, claws 3, regeneration 1, shaggy fur 1, tough skin 1
a: Renounce Religion, Berserk, Trog's Hand


You were on level 2 of the Dungeon.
You worshipped Trog.
Trog was pleased with you.
You visited 1 branch of the dungeon, and saw 2 of its levels.

You collected 79 gold pieces.

Inventory:

Hand Weapons
 f - a +0 hunting sling
Armour
 a - a +0 animal skin (worn)
 c - a +0 kite shield (worn)
Jewellery
 d - a ring of magical power (left claw)
Scrolls
 e - a scroll of enchant weapon {unknown}
Potions
 b - a potion of mutation {unknown}
 g - 2 potions of curing {unknown}
 h - a potion of degeneration {unknown}
 i - a potion of flight {unknown}


   Skills:
 * Level 2.7 Fighting
 * Level 0.2 Armour
 * Level 2.7 Dodging
 * Level 0.2 Stealth
 * Level 3.4 Unarmed Combat


You had 2 spell levels left.
You didn't know any spells.
Your spell library was empty.

Dungeon Overview and Level Annotations

Branches:
Dungeon (2/15)

Altars:

Shops:
D:2 !

Annotations:
D:2 Sigmund


Innate Abilities, Weirdness & Mutations

You are too large for most types of armour.
You have claws for hands.
Your natural rate of healing is unusually fast.
You are covered in fur. (AC +1)
You have tough skin. (AC +1)


Message History

You kill the rat!
Trog accepts your kill.
Found 14 gold pieces.
Sigmund the Dreaded comes into view.
He is wielding a +0 scythe.
Sigmund shouts!
A red film seems to cover your vision as you go berserk!
You feel yourself moving faster!
You feel mighty!
You feel a strong urge to attack something.
Sigmund hits you with a +0 scythe!
You see here 14 gold pieces.
You closely miss Sigmund. You closely miss Sigmund. You block Sigmund's attack.
You claw Sigmund!
Sigmund is moderately wounded.
Sigmund points at you and mumbles some strange words.
You are confused.
You bump into the rock wall.
You miss Sigmund.
Sigmund is moderately wounded.
Sigmund mumbles some strange words.
Sigmund flickers and vanishes!
Deactivating autopickup; reactivate with Ctrl-A.
You hear some strange, mumbled words.
A puff of flame appears from out of thin air!
The puff of flame hits you.
You bump into the rock wall.
You feel a strong urge to attack something.
You are no longer berserk.
You are exhausted.
You feel yourself slow down. Something hits you!
You see here 14 gold pieces.
You're too confused to move!
Something hits you.
You're too confused to move!
You feel less confused. Something hits you!
You claw something! Something hits you.
You claw something! Something hits you!
* * * LOW HITPOINT WARNING * * *
Something hits you.
You die...

##### ##.......#
########....>..##
......†.......##
########.....## #
.........# # #.#
########.########..#
..# #..........# #.#
#.###.###### # #.#
#@#### #.# #$...#
..# #{....# #.#
.......#
#............
#.##.......##
##.....## #....##
#.####


There were no monsters in sight!

Vanquished Creatures
  A dart slug (D:2)
  An orc (D:2)
  2 ball pythons (D:1)
  4 bats
  2 endoplasms
  3 giant cockroaches
  4 goblins
  2 hobgoblins
  A kobold (D:2)
  4 frilled lizards
  2 rats (D:2)
26 creatures vanquished.

Notes
Turn   | Place    | Note
-------+----------+-------------------------------------------
     0 | D:1      | Hrothgar the Troll Berserker began the quest for the Orb.
     0 | D:1      | Reached XP level 1. HP: 22/22 MP: 0/0
   192 | D:1      | Found a faded altar of an unknown god.
   192 | D:1      | Noticed a green death
   391 | D:1      | Reached XP level 2. HP: 29/29 MP: 1/1
   546 | D:2      | Found Vylexub's Distillery.
   832 | D:2      | Reached ** piety under Trog
   833 | D:2      | Reached XP level 3. HP: 36/36 MP: 2/2
   970 | D:2      | Noticed Sigmund
   991 | D:2      | Slain by Sigmund

Illustrated notes

Levels and vault maps discovered:
D:1:      sevenhm_arrival_forest_fort_small_3, layout_basic,
          dreamdust_ecumenical_altar_sealed_demon, st_stairs_3
D:2:      layout_loops_ring, serial_shops, nicolae_diamond_shop, uniq_sigmund,
          uniq_crazy_yiuf_cottage

Action                   || total
-------------------------++-------
Melee: Unarmed           ||    62
Invok: Berserk           ||     1
  Use: Scroll            ||     1
 Stab: Sleeping          ||     2
Armor: Animal skin       ||    15
Dodge: Dodged            ||    10
Block: Kite shield       ||    16
